 Dungeon Crawl Stone Soup version 0.29-a0-194-g6e3aafee17 (webtiles) character file.

Game seed: 1605287007334254743

880 bande the Chopper (level 8, -1/49 HPs)
             Began as a Gargoyle Fighter on Feb 22, 2022.
             Slain by a steam dragon (3 damage)
             ... on level 5 of the Dungeon.
             The game lasted 00:09:08 (5329 turns).

bande the Chopper (Gargoyle Fighter)                Turns: 5329, Time: 00:09:09

Health: -1/49      AC: 20    Str: 20    XL:     8   Next: 5%
Magic:  8/8        EV:  5    Int:  9    God:
Gold:   182        SH:  4    Dex: 11    Spells: 7/7 levels left

rFire   . . .      SeeInvis .   a - +0 war axe
rCold   . . .      Faith    .   c - +0 buckler
rNeg    + . .      Spirit   .   m - +0 plate armour
rPois   ∞          Reflect  .   o - +0 helmet
rElec   +          Harm     .   (no cloak)
rCorr   .          Rampage  .   p - +0 pair of gloves
Will    .....                   (no boots)
Stlth   ..........              (no amulet)
HPRegen 0.16/turn               (no ring)
MPRegen 0.11/turn               (no ring)

@: no status effects
A: sickness immunity, AC +5, negative energy resistance 1, electricity
resistance, torment resistance 1, petrification resistance
a: no special abilities


You were on level 5 of the Dungeon.
You visited 2 branches of the dungeon, and saw 6 of its levels.

You collected 182 gold pieces.

Inventory:

Hand Weapons
 a - a +0 war axe (weapon)
 n - a +0 flail
Armour
 c - a +0 buckler (worn)
 m - a +0 plate armour (worn)
 o - a +0 helmet (worn)
 p - a +0 pair of gloves (worn)
 r - a +1 scale mail of willpower
Jewellery
 b - a ring of wizardry
Wands
 i - a wand of flame (20)
Scrolls
 j - 2 scrolls of silence
 k - 2 scrolls of blinking
 s - a scroll of magic mapping
Potions
 d - a potion of might
 e - 3 potions of brilliance
 g - a potion of mutation {unknown}
 h - a potion of magic {unknown}
 l - 2 potions of haste
 q - a potion of berserk rage {unknown}


   Skills:
 + Level 5.0 Fighting
 + Level 5.4 Axes
 + Level 5.2 Armour
 + Level 4.2 Shields
 * Level 3.0 Evocations


You had 7 spell levels left.
You didn't know any spells.
Your spell library contained the following spells:

 Spells                   Type           Power      Damage    Failure   Level
 Animate Skeleton         Necr           0%         N/A       100%        1
 Apportation              Tloc           0%         N/A       100%        1
 Summon Small Mammal      Summ           0%         N/A       100%        1
 Summon Guardian Golem    Hex/Summ       0%         N/A       100%        3
 Alistair's Intoxication  Tmut/Pois      0%         N/A       100%        5
 Orb of Destruction       Conj           0%         9d5       100%        7
 Spellforged Servitor     Conj/Summ      0%         N/A       100%        7


Dungeon Overview and Level Annotations

Branches:
Dungeon (5/15)             Temple (1/1) D:4

Altars:
Cheibriados
Gozag
Hepliaklqana
Kikubaaqudgha
Makhleb
Qazlal
Sif Muna
Trog
Uskayaw
Wu Jian
Xom
Yredelemnul
Zin

Shops:
D:1 =


Innate Abilities, Weirdness & Mutations

You are immune to sickness and miasma.
Your stone body is resilient. (AC +5)
You are immune to poison.
You resist negative energy. (rN+)
You are resistant to electric shocks. (rElec)
You are resistant to unholy torment.
You are immune to petrification.


Message History

You closely miss the steam dragon.
You are engulfed in a cloud of scalding steam.
The steam dragon barely misses you.
The steam dragon claws you but does no damage.
You hit the steam dragon.
The steam dragon is lightly wounded.
The steam dragon barely misses you.
The steam dragon claws you but does no damage.
You slash the steam dragon!
The steam dragon is heavily wounded.
The steam dragon bites you but does no damage.
You block the steam dragon's attack. x2
The steam dragon claws you but does no damage.
You barely miss the steam dragon.
The steam dragon is heavily wounded.
The steam dragon breathes steam at you. The ball of steam hits you!
Unknown command.
You closely miss the steam dragon.
The steam dragon is heavily wounded.
You are engulfed in a cloud of scalding steam.
The steam dragon bites you but does no damage.
The steam dragon claws you but does no damage.
You hit the steam dragon but do no damage.
The steam dragon is heavily wounded.
The steam dragon bites you but does no damage.
The steam dragon claws you but does no damage.
You block the steam dragon's attack. x2
You completely miss the steam dragon.
The steam dragon is heavily wounded.
The steam dragon breathes steam at you. The ball of steam hits you!!
* * * LOW HITPOINT WARNING * * *
You completely miss the steam dragon.
The steam dragon is heavily wounded.
You are engulfed in a cloud of scalding steam.
* * * LOW HITPOINT WARNING * * *
The steam dragon bites you but does no damage.
The steam dragon claws you.
You die...

,,,,,,,,,,* *** ,,,,,,,,,,* *.#*
,,,,,,,,,,* *##.,**************
,,,,,,,,,******...,,,,,,,,,,,,,,,
,,,,,,,,,,,,,,,...,,,,,,,,,,,,,,,
**,#############.#************,**
,*,#...........#.#,,,,,,,,,,,*,*,
,*,#.####.####.#D#,****,****,*,*,
,*,*,,,,#.#....#@#,,,,*,*,,,,*,*,
**,****,#.#.####§####.#,*,****,**
,,,,,,,,#.#.....§.....#,*,,,,,,,,
#########.#############,*********
.................,,,,,,,,,,,,,,,,
.................,#*,*,,,,,,,,,**
####...............,,*,..*,*****
##..........#.......###.###*
..........###.....,..#.....##


You could see a steam dragon (catching breath).

Vanquished Creatures
  2 sky beasts (D:5)
  An ice beast (D:5)
  A centaur (D:5)
  A phantom (D:5)
  A scorpion (D:5)
  A bullfrog zombie (D:5)
  An orc priest (D:4)
  A hound (D:5)
  A gnoll shaman (D:5)
  2 iguanas (D:5)
  A hound skeleton (D:3)
  3 gnolls (D:5)
  6 adders
  2 white imps (D:5)
  An ufetubus (D:4)
  2 adder skeletons (D:4)
  2 worms
  4 dart slugs
  5 orcs
  3 ball pythons (D:1)
  6 bats
  7 endoplasms
  2 giant cockroaches
  6 goblins
  8 hobgoblins
  3 jackals (D:1)
  2 quokkas
  A frilled lizard (D:1)
  8 kobolds
  11 rats
95 creatures vanquished.

Notes
Turn   | Place    | Note
-------+----------+-------------------------------------------
     0 | D:1      | bande the Gargoyle Fighter began the quest for the Orb.
     0 | D:1      | Reached XP level 1. HP: 14/14 MP: 1/1
    68 | D:1      | Found Wiwki's Jewellery Shoppe.
   253 | D:1      | Reached XP level 2. HP: 16/19 MP: 2/2
   655 | D:1      | Reached XP level 3. HP: 21/23 MP: 3/3
  1843 | D:2      | Reached XP level 4. HP: 23/28 MP: 4/4
  2092 | D:3      | Found an opulent altar of Gozag.
  2155 | D:3      | Reached skill level 1 in Evocations
  2172 | D:3      | Reached XP level 5. HP: 29/33 MP: 5/5
  2758 | D:4      | Found a glowing silver altar of Zin.
  3039 | D:4      | Found a staircase to the Ecumenical Temple.
  3049 | Temple   | Entered the Ecumenical Temple
  3998 | D:5      | Entered Level 5 of the Dungeon
  4259 | D:5      | Reached XP level 6. HP: 27/38 MP: 6/6
  4410 | D:5      | Found a snail-covered altar of Cheibriados.
  4498 | D:5      | Noticed an ice beast
  4505 | D:5      | Killed an ice beast
  4506 | D:5      | Reached XP level 7. HP: 39/44 MP: 7/7
  4636 | D:5      | Found a shimmering blue altar of Sif Muna.
  4842 | D:5      | HP: 2/44 [something (2)]
  4843 | D:5      | Reached skill level 5 in Axes
  4861 | D:5      | Reached skill level 5 in Armour
  4916 | D:5      | Reached skill level 5 in Fighting
  5267 | D:5      | Reached XP level 8. HP: 49/49 MP: 8/8
  5329 | D:5      | HP: 2/49 [steam dragon] (6)]
  5329 | D:5      | Slain by a steam dragon

Illustrated notes

Levels and vault maps discovered:
D:1:      minmay_arrival_split_and_join, layout_loops_ring, serial_shops,
          nicolae_shop_hallway_plus
D:2:      layout_loops_ring
D:3:      layout_rooms, overflow_temple_1_default
D:4:      layout_basic, kennysheep_mini, temple_fountains
D:5:      layout_cave_pools, mainiacjoe_overflow_six_doors_small,
          kennysheep_slug_shrine, roderic_lattice_a, grunt_ministairs_15
Temple:   compressed_dpeg_triangle_lava_temple

Skill      XL: |  1  2  3  4  5  6  7 |
---------------+----------------------+-----
Axes           | 2 3 4 5 |  5.4
Armour         | 4 5 |  5.2
Evocations     | 1 2 3 |  3.0
Fighting       | 4 5 |  5.0
Shields        | 4 |  4.2

Action                   |  1- 3 |  4- 6 |  7- 9 || total
-------------------------+-------+-------+-------++-------
Melee: War axe           |   109 |   141 |    96 ||   346
  Use: Scroll            |     5 |     3 |     1 ||     9
       Potion            |       |       |     1 ||     1
Armor: Scale mail        |    45 |       |       ||    45
       Plate armour      |    31 |   115 |   119 ||   265
Dodge: Dodged            |    48 |    40 |    29 ||   117
Block: Buckler           |    29 |    25 |    22 ||    76

Table legend: (Time is in decaauts)
 A = Elapsed time spent in this place.
 B = Non-inter-level travel time spent in this place.
 C = Inter-level travel time spent in this place.
 D = Time resting spent in this place.
 E = Time spent auto-exploring this place.
 F = Levels seen in this place.
 G = Mean time per level.
                   A        B        C        D        E       F      G
               +--------+--------+--------+--------+--------+-----+--------+
         Total |   5459 |   5438 |     21 |    961 |   3346 |   6 |  909.8 |
       Dungeon |   5157 |   5136 |     21 |    961 |   3112 |   5 | 1031.4 |
        Temple |    302 |    302 |      0 |      0 |    234 |   1 |  302.0 |
               +--------+--------+--------+--------+--------+-----+--------+

Top non-repeatable levels by time:
     D:4: 1247 daAuts
     D:5: 1189 daAuts
     D:1: 1186 daAuts
     D:2: 827 daAuts
     D:3: 706 daAuts
  Temple: 302 daAuts
